 Dungeon Crawl Stone Soup version 0.32-a0-909-gc671339a80 (webtiles) character file.

Game seed: 14615394430655621940

2716 funkygono the Thaumaturge (level 9, -9/46 HPs)
             Began as a Deep Elf Necromancer on Apr 6, 2024.
             Was a Priest of Sif Muna.
             Mangled by an orc warlord
             ... wielding a +8 battleaxe
              (19 damage)
             ... in a bailey.
             The game lasted 00:23:03 (7561 turns).

funkygono the Thaumaturge (Deep Elf Necromancer)    Turns: 7561, Time: 00:23:03

Health: -9/46      AC: 13    Str:  5    XL:     9   Next: 39%
Magic:  16/27      EV: 12    Int: 25    God:    Sif Muna [***...]
Gold:   306        SH:  0    Dex: 15    Spells: 15/32 levels left

rFire   x x .        r - +1 dagger (holy)
rCold   x x .        (no shield)
rNeg    . . .        a - +0 robe
rPois   +            (no helmet)
rElec   .            g - +2 cloak
rCorr   .            (no gloves)
SInv    .            (no boots)
Will    .....        D - amulet of Elemental Vulnerability {rPois rF-- rC-- AC+8}
Stlth   ++           (no ring)
HPRegen 0.27/turn    (no ring)
MPRegen 0.20/turn

%: no passive effects
@: no status effects
A: no striking features
a: Renounce Religion, Channel Magic, Forget Spell


You were in a bailey.
You worshipped Sif Muna.
Sif Muna was most pleased with you.
You visited 1 branch of the dungeon, and saw 7 of its levels.
You also visited: Sewer and Bailey.

You collected 396 gold pieces.
You spent 90 gold pieces at shops.

Inventory:

Hand Weapons
 r - a +1 dagger of holy wrath (weapon)
 v - a +2 short sword of flaming
 x - a +2 quarterstaff of chaos
Missiles
 u - 3 throwing nets
Armour
 a - a +0 robe (worn)
 b - a +2 leather armour of cold resistance
 g - a +2 cloak (worn)
Jewellery
 A - an amulet of guardian spirit
 C - an amulet of the acrobat
 D - the amulet of Elemental Vulnerability (around neck) {rPois rF-- rC-- AC+8}
   (You found it on level 5 of the Dungeon)

   [amulet of nothing]

   AC+8:      It affects your AC (+8).
   rF--:      It makes you very vulnerable to fire.
   rC--:      It makes you very vulnerable to cold.
   rPois:     It protects you from poison.
Wands
 n - a wand of paralysis (2)
 q - a wand of light (20)
Scrolls
 d - 3 scrolls of butterflies
 e - 3 scrolls of vulnerability
 m - 3 scrolls of teleportation
 s - a scroll of revelation
 t - a scroll of fear
 w - a scroll of immolation {unknown}
 G - 2 scrolls of fog {unknown}
Potions
 c - 4 potions of heal wounds
 f - 2 potions of magic
 h - 2 potions of curing
 i - 3 potions of haste
 j - 2 potions of berserk rage
 k - a potion of attraction {unknown}
 l - 3 potions of lignification
 o - 2 potions of brilliance
 p - a potion of invisibility {unknown}
 z - a potion of degeneration {unknown}
 B - a potion of mutation {unknown}
 E - 3 potions of resistance {unknown}
 F - a potion of might {unknown}


   Skills:
 + Level 0.6 Fighting
 + Level 3.9 Dodging
 + Level 3.3 Stealth
 + Level 12.3 Spellcasting
 + Level 11.1 Necromancy


You had 15 spell levels left.
You knew the following spells:

 Your Spells              Type           Power      Damage    Failure   Level
a - Necrotise             Necr           100%       1d9       1%          1
b - Vampiric Draining     Necr           63%        2d10      1%          3
c - Animate Dead          Necr           63%        N/A       1%          4
d - Dispel Undead         Necr           63%        3d22      1%          4
e - Curse of Agony        Necr           63%        N/A       1%          5

Your spell library contained the following spells:

 Spells                   Type           Power      Damage    Failure   Level
 Kiss of Death            Conj/Necr      100%       2d13      1%          1
 Confusing Touch          Hex            15%        N/A       12%         3
 Inner Flame              Hex/Fire       15%        N/A       12%         3
 Mephitic Cloud           Conj/Alch/Air  15%        N/A       12%         3
 Summon Ice Beast         Ice/Summ       15%        N/A       12%         3
 Animate Armour           Summ/Erth      30%        N/A       36%         4
 Flame Wave               Conj/Fire      15%        2d7       36%         4
 Sticky Flame             Fire/Alch      15%        2d5       36%         4


Dungeon Overview and Level Annotations

Branches:
Dungeon (7/15)             Temple (0/1) D:4           Sewer (visited)
 Bailey (1/1)

Altars:
Sif Muna
Vehumet
The Shining One

Shops:
D:1 **(*   D:5 ?

Annotations:
D:4 exclusion: statue


Message History

The orc warlord hits your orc warrior zombie with a +8 battleaxe!
Your orc warrior zombie is destroyed!
The orc warlord hits your orc zombie with a +8 battleaxe!
Your orc zombie is destroyed!
Unknown command.
Casting: Vampiric Draining (safe; 1% risk of failure)
Confirm with . or Enter, or press ? or * to list all spells.
Aiming: Vampiric Draining (safe; 1% risk of failure)
Press: ? - help, Shift-Dir - straight line, f - orc warlord
Aim: an orc warlord, wielding a +8 battleaxe and wearing a +0 chain mail (ally target)
You draw life force from the orc warlord!
You feel life coursing into your body.
The orc warlord hits you with a +8 battleaxe!
The orc warlord hits your goblin zombie with a +8 battleaxe!!
Your goblin zombie is destroyed!
Casting: Vampiric Draining (safe; 1% risk of failure)
Confirm with . or Enter, or press ? or * to list all spells.
Aiming: Vampiric Draining (safe; 1% risk of failure)
Press: ? - help, Shift-Dir - straight line, f/p - orc warlord
Aim: an orc warlord, wielding a +8 battleaxe and wearing a +0 chain mail (lightly wounded, ally target)
You draw life force from the orc warlord!
You feel life coursing into your body!
The orc warlord hits you with a +8 battleaxe!!
* * * LOW HITPOINT WARNING * * *
The orc warlord barely misses your gnoll zombie.
You feel much better.
Your gnoll zombie hits the orc warlord.
The orc warlord hits you with a +8 battleaxe!!
Ouch! That really hurt!
* * * LOW HITPOINT WARNING * * *
The orc warlord hits your gnoll zombie with a +8 battleaxe!
Your gnoll zombie is destroyed!
Casting: Vampiric Draining (safe; 1% risk of failure)
Confirm with . or Enter, or press ? or * to list all spells.
Aiming: Vampiric Draining (safe; 1% risk of failure)
Press: ? - help, Shift-Dir - straight line, f/p - orc warlord
Aim: an orc warlord, wielding a +8 battleaxe and wearing a +0 chain mail (moderately wounded)
You draw life force from the orc warlord!
You feel life coursing into your body.
The orc warlord hits you with a +8 battleaxe!!
You die...

##### ##### ##...## ##...##
##.....## ##.....##
##.......#######.......##
##..ß..ß...........ß..ß..##
#..............)..........#
#.............@.).(.......#
#...ß......#'o)#...(..ß...#
##......####~~~####).....##
♣##.....#~~~~~~~~~#..)..##♣
♣.##....#~.ß...ß.~#.Z..##.♣
♣♣..###Z###.......###Z###..♣♣
♣...~~~Z#~~.ß...ß.~~#)~~~...♣
♣♣...~(~.#~.........~#.~~~...♣♣
♣∩...~~~.#~....∩....~#)(~~...∩♣


You could see an orc warlord.

Vanquished Creatures
  Sigmund (D:3)
  Edmund (D:4)
  A water moccasin (D:5)
  Pargi (Sewer)
  4 orc warriors
  A sky beast (D:7)
  A wolf (D:6)
  An ogre (D:5)
  2 kobold brigands
  A bullfrog (D:6)
  A gnoll sergeant (D:6)
  2 scorpions
  A howler monkey (D:5)
  3 bombardier beetles
  5 hounds
  2 jellies
  A gnoll bouda (D:6)
  3 orc priests
  Crazy Yiuf (D:4)
  A sleepcap (D:5)
  3 iguanas
  2 orc wizards
  15 gnolls
  5 adders
  A river rat (D:4)
  A shadow imp (D:6)
  2 white imps
  2 ufetubi (D:6)
  A ribbon worm (D:3)
  2 dart slugs
  15 orcs
  11 endoplasms
  4 giant cockroaches
  14 goblins
  5 hobgoblins
  13 jackals
  4 ball pythons
  2 bats
  6 frilled lizards
  18 kobolds
  8 rats
168 creatures vanquished.

Vanquished Creatures (collateral kills)
  An orc warrior (Bailey)
  A black bear (D:6)
  2 gnolls
  An adder (D:5)
  2 orcs (Bailey)
  A giant cockroach (D:2)
  4 goblins
  2 hobgoblins
  A jackal (D:6)
  A frilled lizard (D:4)
  8 kobolds
  A rat (D:4)
25 creatures vanquished.

Vanquished Creatures (others)
  An ogre zombie (D:5)
  A hound zombie (D:6)
  A howler monkey zombie (D:5)
  An adder zombie (D:5)
  A gnoll zombie (Bailey)
  A bombardier beetle zombie (D:5)
  2 endoplasm zombies (D:4)
  2 frilled lizard zombies (D:4)
  A giant cockroach zombie (D:4)
  3 goblin zombies
  2 hobgoblin zombies (Bailey)
  5 kobold zombies
  6 orc zombies
  A rat zombie (D:4)
28 creatures vanquished.

Grand Total: 221 creatures vanquished

Notes
Turn   | Place    | Note
-------+----------+-------------------------------------------
     0 | D:1      | funkygono the Deep Elf Necromancer began the quest for the
                  | Orb.
     0 | D:1      | Reached XP level 1. HP: 10/10 MP: 6/6
   157 | D:1      | Found Qudghufe's General Store.
   198 | D:1      | Reached skill level 5 in Necromancy
   216 | D:1      | Found Voeles's General Store.
   227 | D:1      | Got Rizeuz's Cyclopedia of the Charged Mirage
   243 | D:1      | Found Unenias's General Store.
   357 | D:1      | Reached XP level 2. HP: 15/15 MP: 5/8
   508 | D:1      | You fall into a shaft and drop 1 floor!
   857 | D:1      | Found Gocuomasm's Antique Weapon Boutique.
  1101 | D:2      | Reached XP level 3. HP: 19/19 MP: 5/10
  1105 | D:2      | Learned a level 3 spell: Vampiric Draining
  1411 | D:2      | Reached skill level 4 in Spellcasting
  1463 | D:3      | Noticed Sigmund
  1469 | D:3      | Killed Sigmund
  1470 | D:3      | Reached skill level 5 in Spellcasting
  1470 | D:3      | Reached XP level 4. HP: 12/24 MP: 4/13
  1470 | D:3      | Reached XP level 5. HP: 14/28 MP: 4/15
  1484 | D:3      | Reached skill level 6 in Spellcasting
  1635 | D:3      | Reached XP level 6. HP: 24/32 MP: 6/17
  2102 | D:3      | Found a shimmering blue altar of Sif Muna.
  2118 | D:3      | Became a worshipper of Sif Muna the Loreminder
  2214 | D:1      | Learned a level 4 spell: Animate Dead
  2464 | D:4      | Reached skill level 7 in Spellcasting
  2529 | D:4      | Found a glowing drain.
  2535 | Sewer    | Entered a sewer
  2633 | Sewer    | Reached * piety under Sif Muna
  2751 | Sewer    | Noticed Pargi
  2760 | Sewer    | Killed Pargi
  2761 | Sewer    | Reached XP level 7. HP: 36/36 MP: 8/20
  3023 | D:4      | Found a radiant altar of Vehumet.
  3223 | D:4      | Reached skill level 8 in Spellcasting
  3389 | D:4      | Noticed Edmund
  3396 | D:4      | Killed Edmund
  3483 | D:4      | Found a glowing golden altar of the Shining One.
  3503 | D:4      | Found a staircase to the Ecumenical Temple.
  3657 | D:4      | Found a runed translucent door.
  3658 | D:4      | Noticed Crazy Yiuf
  3870 | D:4      | Killed Crazy Yiuf
  3925 | D:4      | Learned a level 4 spell: Dispel Undead
  3931 | D:4      | Learned a level 5 spell: Curse of Agony
  3964 | D:5      | Entered Level 5 of the Dungeon
  4161 | D:5      | Reached skill level 9 in Spellcasting
  4283 | D:5      | Reached XP level 8. HP: 41/41 MP: 20/23
  4298 | D:5      | Found Nojalugi's Magic Scroll Shop.
  4308 | D:5      | Bought a scroll of enchant armour for 90 gold pieces
  4690 | D:5      | Found the amulet of Elemental Vulnerability {rPois rF--
                  | rC-- AC+8}
  4727 | D:5      | Reached ** piety under Sif Muna
  4988 | D:6      | Reached skill level 10 in Spellcasting
  5572 | D:6      | Reached skill level 10 in Necromancy
  5648 | D:5      | Reached skill level 11 in Spellcasting
  6138 | D:6      | Reached XP level 9. HP: 38/46 MP: 10/26
  7066 | D:7      | Found a flagged portal.
  7077 | Bailey   | Entered a bailey
  7118 | Bailey   | Noticed an orc warlord
  7192 | Bailey   | Reached skill level 12 in Spellcasting
  7263 | Bailey   | Reached *** piety under Sif Muna
  7283 | Bailey   | Found a runed translucent gate.
  7285 | Bailey   | Found a runed translucent gate.
  7286 | Bailey   | Found a runed translucent gate.
  7559 | Bailey   | HP: 2/46 [orc warlord/+8 battleaxe (22)]
  7561 | Bailey   | Mangled by an orc warlord

Illustrated notes

Levels and vault maps discovered:
D:1:      dpeg_arrival_refuge, layout_basic, serial_shops,
          nicolae_shop_real_fake_doors, nicolae_shop_just_a_little_nook, shop,
          nicolae_lakefront_shop
D:2:      layout_rooms
D:3:      layout_basic, mainiacjoe_overflow_catwalk, uniq_sigmund
D:4:      layout_cave_pools, vehumet_statue,
          mainiacjoe_overflow_concentric_impassable,
          minmay_temple_entry_statues_fountains,
          mainiacjoe_sewer_entry_somewhere_in_here_1,
          hangedman_decor_peaks_small, lexackson_kobold_supper,
          uniq_crazy_yiuf_cottage, uniq_edmund
D:5:      layout_rooms, serial_shops, shop
D:6:      layout_cave_pools, serial_gnoll_camp, gnoll_camp_mini_house,
          gnoll_camp_mini_doghouse, gnoll_camp_mini_hut, gnoll_camp_mini_hut,
          gnoll_camp_mini_loothouse
D:7:      layout_layer_cave, mainiacjoe_overflow_alcove_2,
          nicolae_uskayaw_murder_on_the_dancefloor, enter_bailey_3,
          kennysheep_diamond
Bailey:   bailey_axe_bossmonster_kennysheep, bailey

Skill      XL: |  1  2  3  4  5  6  7  8  9 |
---------------+----------------------------+-----
Necromancy     | 5 6 7 8 10 11 | 11.1
Spellcasting   | 5 6 7 9 11 12 | 12.3
Stealth        | 3 |  3.3
Dodging        | 3 |  3.9
Fighting       | |  0.6

Action                     |  1- 3 |  4- 6 |  7- 9 || total
---------------------------+-------+-------+-------++-------
  Melee: Dagger            |     1 |     8 |    47 ||    56
   Cast: Necrotise         |    58 |    86 |   136 ||   280
         Vampiric Draining |     1 |     9 |    76 ||    86
         Animate Dead      |       |     2 |    15 ||    17
    Use: Scroll            |     6 |     3 |     7 ||    16
         Potion            |       |     3 |     3 ||     6
 Armour: Robe              |     5 |    41 |   131 ||   177
  Dodge: Dodged            |     7 |    36 |   143 ||   186

Table legend: (Time is in decaauts)
 A = Elapsed time spent in this place.
 B = Non-inter-level travel time spent in this place.
 C = Inter-level travel time spent in this place.
 D = Time resting spent in this place.
 E = Time spent auto-exploring this place.
 F = Levels seen in this place.
 G = Mean time per level.
                   A        B        C        D        E       F      G
               +--------+--------+--------+--------+--------+-----+--------+
         Total |   7594 |   7411 |    183 |    217 |   5777 |   9 |  843.8 |
       Dungeon |   6755 |   6572 |    183 |    217 |   5148 |   7 |  965.0 |
         Sewer |    348 |    348 |      0 |      0 |    293 |   1 |  348.0 |
        Bailey |    490 |    490 |      0 |      0 |    336 |   1 |  490.0 |
               +--------+--------+--------+--------+--------+-----+--------+

Top non-repeatable levels by time:
     D:5: 1458 daAuts
     D:4: 1276 daAuts
     D:6: 1225 daAuts
     D:3: 799 daAuts
     D:1: 783 daAuts
     D:2: 776 daAuts
  Bailey: 490 daAuts
     D:7: 436 daAuts
   Sewer: 348 daAuts
